 Dungeon Crawl Stone Soup version 0.28-b1-70-g80dc712255 (webtiles) character file.

Game seed: 4959577345145535127

4 tizbic2 the Magician (level 1, -2/16 HPs)
             Began as a Djinni Necromancer on Feb 3, 2022.
             Frozen to death by an endoplasm (7 damage)
             ... on level 1 of the Dungeon.
             The game lasted 00:01:24 (326 turns).

tizbic2 the Magician (Djinni Necromancer)            Turns: 326, Time: 00:01:25

Health: -2/16      AC:  2    Str:  7    XL:     1   Next: 66%
Gold:   7          EV: 10    Int: 16    God:
                   SH:  7    Dex: 13

rFire   + + .      SeeInvis .   b - +0 dagger
rCold   x . .      Faith    .   c - +0 kite shield
rNeg    . . .      Spirit   .   a - +0 robe
rPois   ∞          Reflect  .   (no helmet)
rElec   .          Harm     .   (no cloak)
rCorr   .          Rampage  .   (no gloves)
Will    .....                   (boots unavailable)
Stlth   ++........              (no amulet)
HPRegen 0.05/turn               (no ring)
MPRegen 0.00/turn               (no ring)

@: flying
A: sickness immunity, fire resistance 2, cold vulnerability 1, float, innate
caster, HP casting, extra vitality 1
a: no special abilities


You were on level 1 of the Dungeon.
You visited 1 branch of the dungeon, and saw 1 of its levels.

You collected 7 gold pieces.

Inventory:

Hand Weapons
 b - a +0 dagger (weapon)
Missiles
 d - 11 stones (quivered)
Armour
 a - a +0 robe (worn)
 c - a +0 kite shield (worn)
Potions
 e - a potion of haste {unknown}


   Skills:
 + Level 0.4 Fighting
 - Level 2.2 Dodging
 - Level 1.5 Stealth
 * Level 0.4 Shields
 + Level 3.3 Spellcasting


You couldn't memorise any spells.
You knew the following spells:

 Your Spells              Type           Power      Damage    Failure   Level
a - Pain                  Necr           52%        1d6       17%         1
b - Animate Skeleton      Necr           26%        N/A       17%         1
c - Vampiric Draining     Necr           13%        2d6       45%         3
d - Animate Dead          Necr           6%         N/A       86%         4
e - Agony                 Necr           13%        N/A       99%         5
Your spell library was empty.

Dungeon Overview and Level Annotations

Branches:
Dungeon (1/15)

Altars:


Innate Abilities, Weirdness & Mutations

You are immune to sickness and miasma.
You are immune to poison.
Your flesh is very heat resistant. (rF++)
You are vulnerable to cold. (rC-)
You float through the air rather than walking.
You learn spells naturally, not from books.
Your magical power is your life essence.
You have superior vitality. (+4 MHP)


Message History

You hit the kobold.
You kill the kobold!
You block the hobgoblin's attack.
You closely miss the hobgoblin.
The hobgoblin hits you but does no damage.
You hit the hobgoblin but do no damage. The hobgoblin barely misses you.
You hit the hobgoblin.
The hobgoblin is moderately wounded.
You block the hobgoblin's attack.
You hit the hobgoblin.
The hobgoblin is severely wounded.
You block the hobgoblin's attack.
You hit the hobgoblin but do no damage.
The hobgoblin is severely wounded.
The hobgoblin hits you. You block the hobgoblin's attack.
You hit the hobgoblin but do no damage.
The hobgoblin is severely wounded.
You block the hobgoblin's attack.
You closely miss the hobgoblin.
The hobgoblin is severely wounded.
You block the hobgoblin's attack.
You hit the hobgoblin.
The hobgoblin is almost dead.
The hobgoblin closely misses you.
You hit the hobgoblin.
You kill the hobgoblin!
You hit the endoplasm but do no damage. You block the endoplasm's attack. x2
You hit the endoplasm but do no damage. The endoplasm freezes you.
You are frozen!
You feel a terrible chill!
* * * LOW HITPOINT WARNING * * *
You hit the endoplasm.
The endoplasm is heavily wounded.
You block the endoplasm's attack.
There is an open door here.
You hit the endoplasm.
The endoplasm is severely wounded.
The endoplasm freezes you.
You are frozen!
You feel a terrible chill!
You die...

# ##### .. #.... ###+#+#...
#....##########.......... #
#....##.......'..........
.#..
#........######.......#.##.#.
#........# ##.#..........
.........# #.# ###...#.
.##......# #@# .....
.###.....# #J#####.#.######
..)'.....# #.r.r...#.......
####.....# ########......#
#.#...# ##'##.#.# #.#.#.#
#.....#.# #. ## #.#.#.#
#.....#.#... .# #.#.#.#
####### #........... .# #.#.#
....... #.......####


You could see an endoplasm and a rat.

Vanquished Creatures
  A hobgoblin (D:1)
  2 kobolds (D:1)
  A rat (D:1)
4 creatures vanquished.

Notes
Turn   | Place    | Note
-------+----------+-------------------------------------------
     0 | D:1      | tizbic2 the Djinni Necromancer began the quest for the Orb.
     0 | D:1      | Reached XP level 1. HP: 15/15 MP: 0/0
   326 | D:1      | Frozen to death by an endoplasm

Illustrated notes

Levels and vault maps discovered:
D:1:      dpeg_arrival_lava_altar, layout_basic

Action                   || total
-------------------------++-------
Melee: Dagger            ||    33
Throw: Stone             ||     1
 Cast: Pain              ||     1
Armor: Robe              ||     3
Dodge: Dodged            ||    11
Block: Kite shield       ||    13
